[Event "Team 45 45 League T26"]
[Site "Internet Chess Club"]
[Date "2005.04.08"]
[Round "4"]
[White "Millwright"]
[Black "Prop"]
[Result "0-1"]
[WhiteElo "1323"]
[BlackElo "1308"]
[TimeControl "2700+45"]

1. e4 e5 2. Nf3 Nc6 3. Bc4 Nf6 4. Nc3 Nxe4 5. O-O Nxc3 6. dxc3 Be7 7. Nxe5 Nxe5
8. Bb3 O-O 9. Be3 b6 10. Qd5 Nc6 11. Rad1 Bb7 12. Qxd7 Qxd7 13. Rxd7 Bd6 14. Bd5
Rad8 15. Rxd8 Rxd8 16. Bf3 Na5 17. Be2 Bd5 18. b3 Nc6 19. c4 Be4 20. Bd3 Bxd3
21. cxd3 Nb4 22. d4 a5 23. a3 Nc2 24. a4 Nxe3 25. fxe3 c5 26. d5 f6 27. g3 Kf7
28. Kg2 g5 29. g4 Kg6 30. Rf5 Rf8 31. Kf3 h5 32. h3 hxg4+ 33. Kxg4 Re8 {White
resigns} 0-1

[Event "Team 45 45 League T26"]
[Site "Internet Chess Club"]
[Date "2005.04.09"]
[Round "4"]
[White "jerry813"]
[Black "Gomer"]
[Result "0-1"]
[WhiteElo "1202"]
[BlackElo "1336"]
[TimeControl "2700+45"]

1. d4 Nf6 2. f4 Nc6 3. Nf3 d5 4. h3 e6 5. e3 Bb4+ 6. c3 Ba5 7. Bb5 a6 8. Bxc6+
bxc6 9. b4 Bb6 10. Ba3 Ne4 11. O-O O-O 12. Ne5 Bb7 13. f5 f6 14. Ng4 exf5 15.
Rxf5 Bc8 16. Rf3 Bxg4 17. hxg4 Qd7 18. Rh3 Rf7 19. Qf3 a5 20. bxa5 Bxa5 21. Bb4
Bxb4 22. cxb4 Ng5 23. Qf5 Qxf5 24. gxf5 Nxh3+ 25. gxh3 Re7 26. Kf2 Rae8 27. Nd2
Rxe3 28. Kf1 Rxh3 29. Kg1 Rh4 30. Nb3 Rf4 31. Nc5 Rxd4 32. Na6 Re7 33. Rc1 Rde4
34. Rxc6 Re1+ 35. Kg2 R7e2+ 36. Kf3 Re3+ 37. Kf2 R1e2+ 38. Kf1 Rxa2 39. Nxc7 Rh3
40. Kg1 Rb3 41. Nxd5 Rb1+ {White resigns} 0-1

[Event "Team 45 45 League T26"]
[Site "Internet Chess Club"]
[Date "2005.04.10"]
[Round "4"]
[White "WannaB"]
[Black "BosqueVerde"]
[Result "1-0"]
[WhiteElo "1101"]
[BlackElo "1199"]
[TimeControl "2700+45"]

1. e4 e6 2. d4 d5 3. Nc3 c5 4. Nf3 Nc6 5. Bb5 Qb6 6. exd5 exd5 7. Nxd5 Bd6 8.
Nxb6 axb6 9. d5 Ra5 10. Qe2+ Ne7 11. dxc6 Rxb5 12. Qxb5 bxc6 13. Qxb6 O-O 14.
O-O Bf5 15. c3 c4 16. Qd4 Bc7 17. Qxc4 Rd8 18. Ng5 Bg6 19. b4 Nd5 20. Qxc6 h6
21. Nf3 Rd6 22. Qa8+ Rd8 23. Qb7 Be4 24. Qb5 Nxc3 25. Qa6 Rd6 26. Qc8+ Kh7 27.
Qxc7 Nb5 28. Qc5 Rd5 29. Qe7 Nd6 30. Bb2 Bxf3 31. gxf3 Rg5+ 32. Kh1 Nf5 33. Qxf7
h5 34. Rg1 Nh6 35. Qe7 Rg6 36. Rxg6 Kxg6 37. Qe8+ Kg5 38. Qe3+ Kh4 39. Qf4+ Ng4
40. fxg4 hxg4 41. Bxg7 Kh5 42. Qh6# {Black checkmated} 1-0

[Event "Team 45 45 League T26"]
[Site "Internet Chess Club"]
[Date "2005.04.07"]
[Round "4"]
[White "pumba"]
[Black "clarinetref"]
[Result "1-0"]
[WhiteElo "1445"]
[BlackElo "1421"]
[TimeControl "2700+45"]

1. e4 c5 2. Nc3 Nc6 3. f4 e6 4. Nf3 Be7 5. Bb5 Nd4 6. Bc4 Nf6 7. O-O d5 8. exd5
exd5 9. Nxd4 cxd4 10. Bb5+ Bd7 11. Bxd7+ Qxd7 12. Ne2 Bc5 13. d3 O-O 14. b3 Ng4
15. Re1 Rfe8 16. Ng3 Ne3 17. Bxe3 Rxe3 18. Rxe3 dxe3 19. d4 Bb4 20. Qd3 Bd2 21.
Nf1 Qd6 22. Nxd2 exd2 23. Qxd2 Re8 24. Re1 Rc8 25. Qe2 h6 26. g3 Qg6 27. c4 dxc4
28. bxc4 Qf6 29. Rd1 Qa6 30. Rc1 Rd8 31. d5 g6 32. Qe7 Rc8 33. c5 Qa3 34. Rc2 b6
35. d6 Rxc5 36. d7 Rxc2 37. d8=Q+ {Black resigns} 1-0

[Event "Team 45 45 League T26"]
[Site "Internet Chess Club"]
[Date "2005.04.11"]
[Round "4"]
[White "jientho"]
[Black "Tomate"]
[Result "0-1"]
[WhiteElo "1341"]
[BlackElo "1396"]
[TimeControl "2700+45"]

1. e4 c5 2. Nf3 e6 3. d4 cxd4 4. Nxd4 Nc6 5. Bc4 Nf6 6. Nc3 Bc5 7. Nxc6 bxc6 8.
e5 d5 9. Bd3 Nd7 10. Qg4 O-O 11. Bh6 g6 12. Bxf8 Qxf8 13. Qg3 Bd4 14. f4 Qc5 15.
Be2 Nb6 16. O-O-O Rb8 17. a3 Nc4 18. Bxc4 Qxc4 19. Qd3 Bxc3 20. Qxc3 Qxf4+ 21.
Kb1 Ba6 22. Qxc6 Qxe5 23. b3 Bc4 24. Ka2 Qc3 25. Kb1 Qe5 26. Kc1 Qe3+ 27. Rd2
Rb6 28. Qa8+ Kg7 29. Qxa7 Bxb3 30. cxb3 Rc6+ 31. Kb2 Qxa7 32. Ra1 Qc7 33. a4
Qe5+ 34. Ka2 Qc3 35. Rb2 d4 36. a5 Qxa5+ 37. Kb1 Qe1+ 38. Ka2 Qc3 39. Rab1 Ra6#
{White checkmated} 0-1

[Event "Team 45 45 League T26"]
[Site "Internet Chess Club"]
[Date "2005.04.11"]
[Round "4"]
[White "Knight-Rookie"]
[Black "GLuft"]
[Result "1-0"]
[WhiteElo "1338"]
[BlackElo "1128"]
[TimeControl "2700+45"]

1. e4 e6 2. d4 d5 3. exd5 exd5 4. Nf3 Bd6 5. Nc3 Ne7 6. Bg5 h6 7. Bh4 a6 8. Nxd5
Qd7 9. Bc4 b5 10. Bb3 Nbc6 11. Qe2 O-O 12. O-O Re8 13. Qd3 Qf5 14. Nxe7+ Bxe7
15. Qe2 Bd7 16. d5 Nb4 17. c3 Nd3 18. Bxe7 Nf4 19. Qe5 Qxe5 20. Nxe5 Rxe7 21.
Nxd7 Rxd7 22. Rfe1 Nxd5 23. c4 bxc4 24. Bxc4 Kf8 25. Rad1 c6 26. f4 a5 27. g4
Rad8 28. f5 Nb6 29. Rxd7 Rxd7 30. Bb3 a4 31. Bc2 Nc4 32. b3 axb3 33. Bxb3 Nd2
34. Re3 Nxb3 35. Rxb3 Rc7 36. h4 Ke7 37. g5 hxg5 38. hxg5 Ra7 39. Re3+ Kf8 40.
a3 c5 41. Rc3 Ra5 42. Kf2 Ke7 43. Re3+ Kf8 44. Re5 f6 45. gxf6 gxf6 46. Rd5 Ke7
47. Ke3 Rxa3+ 48. Kd2 c4 49. Rc5 Rd3+ 50. Kc2 Rd4 51. Kc3 Kd6 52. Kxd4 {Black
resigns} 1-0

[Event "Team 45 45 League T26"]
[Site "Internet Chess Club"]
[Date "2005.04.10"]
[Round "4"]
[White "SeanT"]
[Black "wojozim"]
[Result "1-0"]
[WhiteElo "1408"]
[BlackElo "1386"]
[TimeControl "2700+45"]

1. d4 f5 2. Nf3 Nf6 3. Nc3 g6 4. Bf4 Bg7 5. g3 O-O 6. Qd2 Re8 7. Bh6 d6 8. Bxg7
Kxg7 9. Qg5 h6 10. Qd2 e5 11. dxe5 Ne4 12. Nxe4 fxe4 13. Nd4 c5 14. Nb5 d5 15.
Nd6 Rxe5 16. Nxc8 Qxc8 17. Bg2 Qe6 18. e3 Nc6 19. O-O d4 20. b3 Rd8 21. exd4 e3
22. fxe3 Rxe3 23. Bxc6 Rxd4 24. Qf2 Re2 25. Qf8+ Kh7 26. Rf7+ Qxf7 27. Qxf7+ Kh8
28. Qxb7 Rd8 29. c4 Rg8 30. Qxa7 Rg7 31. Qb8+ Kh7 32. a4 Rb2 33. a5 Rg8 34. Qc7+
Kh8 35. Qe5+ {Black resigns} 1-0

[Event "Team 45 45 League T26"]
[Site "Internet Chess Club"]
[Date "2005.04.15"]
[Round "4"]
[White "sdcohle"]
[Black "Lizaveta"]
[Result "0-1"]
[WhiteElo "1308"]
[BlackElo "1436"]
[TimeControl "2700+45"]

1. d4 d5 2. c4 e6 3. e3 c5 4. Nf3 Nc6 5. cxd5 exd5 6. Bb5 a6 7. Bxc6+ bxc6 8.
O-O Nf6 9. Ne5 Bb7 10. Nc3 c4 11. Re1 Be7 12. e4 dxe4 13. Nxe4 Nxe4 14. Rxe4 c5
15. Rf4 Bd5 16. Qa4+ Kf8 17. Nxf7 Bxf7 18. Qd1 Bf6 19. Be3 cxd4 20. Bxd4 Bxd4
21. Rxd4 Qe7 22. Qf3 Re8 23. Rf4 Qe1+ 24. Rxe1 Rxe1# {White checkmated} 0-1

[Event "Team 45 45 League T26"]
[Site "Internet Chess Club"]
[Date "2005.04.10"]
[Round "4"]
[White "bluegrassplayer"]
[Black "chessterbaggins"]
[Result "1-0"]
[WhiteElo "1228"]
[BlackElo "1228"]
[TimeControl "2700+45"]

1. e4 e5 2. Nf3 Nc6 3. Bc4 Bc5 4. Nc3 Nf6 5. d3 d6 6. Bg5 d5 7. Nxd5 Nd4 8. c3
Nxf3+ 9. Qxf3 c6 10. Nxf6+ Kf8 11. Nxh7+ Kg8 12. Bxd8 Be6 13. Bxe6 fxe6 14. Ng5
Rh6 15. Qf7+ Kh8 16. Qe8+ {Black resigns} 1-0

[Event "Team 45 45 League T26"]
[Site "Internet Chess Club"]
[Date "2005.04.07"]
[Round "4"]
[White "Rojo"]
[Black "DayDream01"]
[Result "1-0"]
[WhiteElo "1177"]
[BlackElo "1031"]
[TimeControl "2700+45"]

1. e4 e5 2. Nf3 d6 3. Bb5+ Bd7 4. Bxd7+ Nxd7 5. O-O Ngf6 6. d3 c5 7. Re1 d5 8.
exd5 Bd6 9. c4 O-O 10. Nc3 Re8 11. Bg5 Qb6 12. Nb5 a6 13. Nxd6 Qxd6 14. Rb1 h6
15. Bxf6 Qxf6 16. b4 b5 17. bxc5 Nxc5 18. cxb5 e4 19. dxe4 Nxe4 20. Qc2 Rac8 21.
Qa4 Nc3 22. Qxa6 Nxb1 23. Rxb1 Qxa6 24. bxa6 Ra8 25. Rb6 Rec8 26. Kf1 Rc2 27. d6
Rxa2 28. d7 Rd8 29. Rb7 Rxa6 30. Rc7 Rd6 31. Ne5 f6 32. Nc6 R8xd7 33. Rxd7 Rxd7
34. Ke2 Kh7 35. Kf3 Kg6 36. Kf4 Rc7 37. Nd8 Rc4+ 38. Kg3 Kf5 39. f3 g5 40. Nf7
h5 41. Nd6+ Kg6 42. Nxc4 h4+ 43. Kf2 f5 44. h3 f4 45. Ke2 Kf5 46. Kd3 Ke6 47.
Ke4 Kf6 48. Nb6 Ke6 49. Kd4 Kf6 50. Kd5 Kf5 51. Nc4 Kf6 52. Ke4 Ke6 53. Ne5 Kf6
54. Ng4+ Ke6 55. Nh6 Kf6 56. Ng8+ Ke6 57. Kd3 Kf5 58. Ke2 Ke6 59. Nh6 Kf6 60.
Kd3 Ke6 61. Ke4 Kf6 62. Kd5 Kg6 63. Ng4 Kf5 64. Kd6 Kg6 65. Ke6 Kh5 66. Nf6+ Kg6
67. Ke5 Kh6 68. Kf5 g4 69. fxg4 f3 70. gxf3 Kg7 71. Kg5 Kf7 72. Ne4 Ke6 73. Kxh4
Ke5 74. Ng3 Kf4 75. g5 Kxf3 76. g6 Kf4 77. g7 {Black resigns} 1-0

[Event "Team 45 45 League T26"]
[Site "Internet Chess Club"]
[Date "2005.04.11"]
[Round "4"]
[White "ATLfalcons"]
[Black "spaceways"]
[Result "0-1"]
[WhiteElo "1732"]
[BlackElo "1632"]
[TimeControl "2700+45"]

1. e4 e6 2. d4 d5 3. e5 c5 4. c3 Nc6 5. Nf3 Qb6 6. Qb3 Qxb3 7. axb3 cxd4 8. cxd4
Bb4+ 9. Bd2 Nh6 10. Nc3 Nf5 11. Nb5 Bxd2+ 12. Kxd2 O-O 13. Bd3 a6 14. Bxf5 exf5
15. Nc7 Rb8 16. Nxd5 Rd8 17. Nb6 Nxd4 18. Nxd4 Rxd4+ 19. Kc3 Re4 20. Rhe1 Be6
21. Rxe4 fxe4 22. Rd1 f5 23. Rd6 Kf7 24. b4 Ke7 25. Kd4 Rd8 26. Kc5 g5 27. Rxd8
Kxd8 28. Kd6 f4 29. Na4 e3 30. fxe3 fxe3 31. Nc3 Bg4 32. e6 e2 33. Nxe2 Bxe2 34.
g3 Bf3 35. b5 axb5 36. e7+ Ke8 37. Ke6 g4 38. b4 Bc6 39. Kf6 Bd7 40. Kg7 Kxe7
{White resigns} 0-1

[Event "Team 45 45 League T26"]
[Site "Internet Chess Club"]
[Date "2005.04.09"]
[Round "4"]
[White "alaskauk"]
[Black "Lmcl"]
[Result "0-1"]
[WhiteElo "1489"]
[BlackElo "1561"]
[TimeControl "2700+45"]

1. e4 c5 2. Nf3 d6 3. d4 cxd4 4. Nxd4 Nf6 5. Nc3 e5 6. Nb3 Bd7 7. Be3 Nc6 8. a3
Be7 9. Bd3 Rc8 10. f3 a6 11. O-O O-O 12. Nd5 Kh8 13. Kh1 Be6 14. Nxf6 Bxf6 15.
Qd2 Bxb3 16. cxb3 Nd4 17. Bxd4 exd4 18. Qb4 b5 19. a4 Rc5 20. Qd2 Qb6 21. a5 Qc7
22. b4 Rh5 23. g3 Qd7 24. Rf2 g5 25. Rg1 Rg8 26. g4 Rh4 27. Rgg2 Be5 28. Qe2 Rg6
29. Qd2 Bf4 30. Qc2 Rgh6 31. b3 Qe6 32. Qb2 Qe5 33. Qc2 Qe6 34. Re2 Rh3 35. Bxb5
axb5 36. a6 Rxf3 37. Ref2 Rc3 38. Qa2 Qxe4 39. Qa1 Rc1+ 40. Qxc1 Bxc1 41. a7 Qa8
42. Rxf7 Bf4 43. h3 Rxh3+ 44. Kg1 Be3+ 45. Kf1 Rh1+ 46. Rg1 Rxg1+ 47. Ke2 Qg2+
48. Kd3 Rd1# {White checkmated} 0-1

[Event "Team 45 45 League T26"]
[Site "Internet Chess Club"]
[Date "2005.04.10"]
[Round "4"]
[White "chicopee-ed"]
[Black "mogwop"]
[Result "1-0"]
[WhiteElo "1583"]
[BlackElo "1417"]
[TimeControl "2700+45"]

1. d4 d5 2. Nf3 Nf6 3. Bf4 e6 4. e3 Bd6 5. Bg3 O-O 6. Bh4 Nbd7 7. Bd3 c6 8. c3
h6 9. Nbd2 e5 10. dxe5 Nxe5 11. Nxe5 Bxe5 12. Bg3 Bxg3 13. hxg3 Bg4 14. f3 Be6
15. g4 Re8 16. g5 hxg5 17. Nf1 g6 18. Nh2 Qd7 19. g4 Kg7 20. Qe2 Rh8 21. O-O-O
Rh6 22. Rdg1 Rah8 23. Qg2 Qc7 24. Nf1 Rxh1 25. Rxh1 Rxh1 26. Qxh1 Nd7 27. Be2
Ne5 28. Kc2 Qb6 29. Qh2 f6 30. Qg3 Nc4 31. Bxc4 dxc4 32. Qd6 Bf7 33. Qe7 a5 34.
Nd2 Qb5 35. Ne4 b6 36. Qxf6+ Kg8 37. Nd6 Qd5 38. Qxf7+ Qxf7 39. Nxf7 Kxf7 40. f4
gxf4 41. exf4 Ke6 42. Kd2 Kd5 43. Ke3 c5 44. g5 b5 45. f5 gxf5 46. Kf4 Ke6 47.
g6 Kf6 48. g7 Kxg7 49. Kxf5 b4 50. Ke5 a4 51. Kd5 bxc3 52. bxc3 Kf6 53. Kxc5 Ke5
54. Kxc4 a3 55. Kb4 Kd5 56. c4+ Kc6 57. Kxa3 Kc5 58. Kb3 Kc6 59. Kb4 Kb6 60. a4
Ka6 61. Kc5 Kb7 62. Kd6 Kb6 63. c5+ Kb7 64. c6+ Kc8 65. c7 Kb7 66. Kd7 {Black
resigns} 1-0

[Event "Team 45 45 League T26"]
[Site "Internet Chess Club"]
[Date "2005.04.10"]
[Round "4"]
[White "SpeedBlade"]
[Black "GhostMate"]
[Result "0-1"]
[WhiteElo "1519"]
[BlackElo "1652"]
[TimeControl "2700+45"]

1. c4 e5 2. g3 Nf6 3. Bg2 d5 4. cxd5 Nxd5 5. Nf3 Nc6 6. O-O Bc5 7. d3 f6 8. Nbd2
Be6 9. a3 Qd7 10. b4 Bb6 11. Nc4 Bd4 12. Nxd4 Nxd4 13. Bb2 O-O 14. Bxd4 exd4 15.
Rc1 Kh8 16. Qd2 Bg4 17. Qb2 Nc3 18. Rxc3 dxc3 19. Qxc3 Bxe2 20. Re1 Rae8 21. d4
Qb5 22. Ne3 c6 23. Qc2 Bd3 24. Qb3 Be4 25. Bf1 Qh5 26. Be2 Bf3 27. Bf1 f5 28.
Rc1 f4 29. Rc5 Qh6 30. Nf5 Qf6 31. Qxf3 b6 32. Re5 Rxe5 33. dxe5 Qxf5 34. Qxf4
Qxf4 35. gxf4 Rxf4 36. e6 Re4 37. Bh3 g5 38. Kg2 g4 {White resigns} 0-1

[Event "Team 45 45 League T26"]
[Site "Internet Chess Club"]
[Date "2005.04.09"]
[Round "4"]
[White "gamlinginn"]
[Black "Mr-Patzer2u"]
[Result "1-0"]
[WhiteElo "1625"]
[BlackElo "1353"]
[TimeControl "2700+45"]

1. Nf3 e6 2. e3 d5 3. d4 c5 4. c3 c4 5. b3 b5 6. bxc4 bxc4 7. a4 a5 8. Na3 Bd7
9. Nb5 Bxb5 10. axb5 Qb6 11. Rb1 Nd7 12. Qa4 Bd6 13. Ba3 Bxa3 14. Qxa3 a4 15.
Be2 Ra5 16. Qb4 a3 17. Ra1 a2 18. O-O Ngf6 19. Rfc1 Rxb5 20. Qa3 Ra5 21. Qb4 Rb5
22. Qa3 Qa5 23. Qxa5 Rxa5 24. Rc2 O-O 25. Rcxa2 Rxa2 26. Rxa2 Rb8 27. g3 Rb3 28.
Rc2 Ne4 29. Nd2 Ra3 30. Nxe4 dxe4 31. Bxc4 g6 32. Bf1 Ra1 33. Kg2 Ra8 34. c4 Rc8
35. c5 Nf6 {Black resigns} 1-0

[Event "Team 45 45 League T26"]
[Site "Internet Chess Club"]
[Date "2005.04.10"]
[Round "4"]
[White "john-beebs"]
[Black "KirkB"]
[Result "0-1"]
[WhiteElo "1507"]
[BlackElo "1598"]
[TimeControl "2700+45"]

1. e4 c5 2. Nf3 Nc6 3. Bc4 g6 4. O-O Bg7 5. Re1 e6 6. d3 Nge7 7. Nc3 O-O 8. e5
a6 9. d4 cxd4 10. Nxd4 Nxe5 11. Bb3 N5c6 12. Nxc6 Nxc6 13. Be3 b5 14. Qf3 d5 15.
Rad1 Bb7 16. Bc5 Re8 17. Ne4 dxe4 18. Qxe4 Qf6 19. c3 Na5 20. Qb4 Nxb3 21. axb3
Bf8 22. Bxf8 Rxf8 23. Qd6 Rad8 24. Qc7 Rxd1 25. Rxd1 Bd5 26. b4 Qg5 27. f3 Bxf3
28. Rd2 {White resigns} 0-1

[Event "Team 45 45 League T26"]
[Site "Internet Chess Club"]
[Date "2005.04.09"]
[Round "4"]
[White "Mississippian"]
[Black "DynamoKyiv"]
[Result "0-1"]
[WhiteElo "1358"]
[BlackElo "1486"]
[TimeControl "2700+45"]

1. c4 f5 2. Nc3 Nf6 3. Nf3 g6 4. d4 Bg7 5. e3 d6 6. Bd3 O-O 7. O-O Qe8 8. Qb3 e5
9. Bc2 b6 10. Nb5 Qe7 11. Bd2 Bb7 12. Bd1 Ne4 13. Bb4 Nc6 14. c5+ Kh8 15. cxd6
cxd6 16. Rc1 Rac8 17. dxe5 Bxe5 18. Rxc6 Bxc6 19. Nxe5 Bxb5 20. Nd3 a5 21. f3
Nc5 22. Nxc5 dxc5 23. Qc3+ Qg7 24. Qxg7+ Kxg7 25. Bc3+ Kg8 26. Rf2 Rcd8 27. Bc2
Bc6 28. e4 fxe4 29. fxe4 Rxf2 30. Kxf2 a4 31. b3 axb3 32. Bxb3+ Kf8 33. Ke3 Re8
34. Bc2 b5 35. g3 b4 36. Bb2 Ra8 37. Bb3 Bb5 38. e5 c4 39. a4 bxa3 {White
resigns} 0-1

[Event "Team 45 45 League T26"]
[Site "Internet Chess Club"]
[Date "2005.04.08"]
[Round "4"]
[White "JSC"]
[Black "alastorx"]
[Result "1-0"]
[WhiteElo "1881"]
[BlackElo "1802"]
[TimeControl "2700+45"]

1. e4 d5 2. exd5 Qxd5 3. Nc3 Qa5 4. d4 Nf6 5. Bc4 Nc6 6. Nf3 Bg4 7. O-O O-O-O 8.
Be3 Nxd4 9. Bxd4 e5 10. Qd3 exd4 11. Ne2 Qh5 12. Ng3 Qg6 13. Ne5 Qxd3 14. cxd3
Be6 15. Bxe6+ fxe6 16. Nf7 Bd6 17. Nxh8 Rxh8 18. Rfe1 Kd7 19. Ne4 Nxe4 20. Rxe4
Rf8 21. Rxd4 Ke7 22. Re4 Rf6 23. g3 b6 24. Rae1 a5 25. d4 Kf7 26. Rd1 Rf5 27. h4
h6 28. Kg2 Rf6 29. f4 h5 30. d5 exd5 31. Rxd5 g6 32. Kf3 Kf8 33. g4 hxg4+ 34.
Kxg4 Kg7 35. Rg5 Kf7 36. f5 gxf5+ 37. Rxf5 Rxf5 38. Kxf5 Kg7 39. Re6 Kh7 40.
Rxd6 cxd6 41. Ke6 {Black resigns} 1-0

[Event "Team 45 45 League T26"]
[Site "Internet Chess Club"]
[Date "2005.04.10"]
[Round "4"]
[White "NFK"]
[Black "zota"]
[Result "0-1"]
[WhiteElo "1635"]
[BlackElo "1890"]
[TimeControl "2700+45"]

1. e4 c5 2. Nf3 e6 3. d4 Qc7 4. Bd3 a6 5. c3 b6 6. O-O Bb7 7. Re1 d6 8. e5 Ne7
9. exd6 Qxd6 10. dxc5 Qxc5 11. Be3 Qc7 12. Bg5 Nd7 13. Nd4 O-O-O 14. Qe2 Nc5 15.
Bc2 Rd5 16. Bh4 Nc6 17. Nxc6 Qxc6 18. b4 Re5 {White resigns} 0-1

[Event "Team 45 45 League T26"]
[Site "Internet Chess Club"]
[Date "2005.04.08"]
[Round "4"]
[White "burnsja2003"]
[Black "SkatingBishop"]
[Result "1/2-1/2"]
[WhiteElo "1729"]
[BlackElo "1741"]
[TimeControl "2700+45"]

1. d4 Nf6 2. c4 d6 3. Nc3 g6 4. e4 Bg7 5. Nf3 O-O 6. Be2 e5 7. O-O Bg4 8. d5 a5
9. a4 Na6 10. Nd2 Bxe2 11. Qxe2 Nc5 12. Rb1 Qd7 13. b3 Nh5 14. Nf3 Nf4 15. Bxf4
exf4 16. Qc2 Bxc3 17. Qxc3 Nxe4 18. Qb2 Nc5 19. Qf6 Rae8 20. Qxf4 Re4 21. Qf6
Qe7 22. Qc3 b6 23. Rfe1 Qd7 24. Rxe4 Nxe4 25. Qc2 Re8 26. Re1 Ng5 27. Rxe8+ Qxe8
28. Qb1 Nxf3+ 29. gxf3 Qe5 30. Qe4 Kg7 31. Kg2 Kf6 32. h4 Qxe4 33. fxe4 Ke5 34.
Kf3 h6 35. Ke3 f5 36. f4+ Kf6 37. Kf3 g5 38. fxg5+ hxg5 39. hxg5+ Kxg5 40. exf5
Kxf5 41. Ke3 Ke5 42. Kd3 Kf4 43. Kd4 Kf3 44. Kd3 Kf4 45. Kd4 Kf3 46. Kd3 {Game
drawn by mutual agreement} 1/2-1/2

[Event "Team 45 45 League T26"]
[Site "Internet Chess Club"]
[Date "2005.04.07"]
[Round "4"]
[White "chinta"]
[Black "allanchs"]
[Result "1-0"]
[WhiteElo "1615"]
[BlackElo "1632"]
[TimeControl "2700+45"]

1. e4 e5 2. Nf3 Nc6 3. Bc4 Bc5 4. Qe2 d6 5. c3 Bg4 6. d3 Nf6 7. a4 a6 8. Be3 Ba7
9. b4 O-O 10. O-O d5 11. Bb3 dxe4 12. dxe4 Nxe4 13. Bxa7 Bxf3 14. Qxf3 Nxc3 15.
Bc5 Nd4 16. Bxd4 Nxb1 17. Bxe5 Nd2 18. Qg3 g6 19. Rfd1 Ne4 20. Rxd8 Nxg3 21.
Rxf8+ Rxf8 {Black resigns} 1-0

[Event "Team 45 45 League T26"]
[Site "Internet Chess Club"]
[Date "2005.04.07"]
[Round "4"]
[White "billarvola"]
[Black "Triple-Xeon"]
[Result "1/2-1/2"]
[WhiteElo "1991"]
[BlackElo "1807"]
[TimeControl "2700+45"]

1. d4 Nf6 2. c4 g6 3. Nf3 Bg7 4. g3 d6 5. Bg2 O-O 6. O-O c5 7. dxc5 dxc5 8. Qxd8
Rxd8 9. Ne5 Ne8 10. Nd3 Na6 11. Bg5 Rxd3 12. exd3 Bxb2 13. Nd2 Bxa1 14. Rxa1 f6
15. Be3 Rb8 16. Ne4 b6 17. a3 Bb7 18. Bf1 Bxe4 19. dxe4 Rd8 20. f3 Nec7 21. Kf2
Ne6 22. Be2 Nb8 23. f4 Nc6 24. Rb1 Ned4 25. Bd1 e5 26. Ba4 Na5 27. Rc1 Kf7 28.
Rc3 Ke6 29. Rc1 Kd6 30. Rc3 Rb8 31. Bd1 a6 32. fxe5+ fxe5 33. a4 Rf8+ 34. Kg2
Kc7 35. Bh6 Rf7 36. Bg4 Nb7 37. h4 Nd6 38. h5 Nxe4 39. hxg6 hxg6 40. Re3 Nf6 41.
Bh3 Kd6 42. Bc8 Nf5 43. Bxf5 gxf5 44. Rd3+ Kc6 45. Rd8 Ng4 46. Bc1 b5 47. axb5+
axb5 48. Rc8+ Rc7 49. cxb5+ Kb6 50. Rb8+ Rb7 51. Rf8 Kxb5 52. Rxf5 Kc4 53. Rg5
Nf6 54. Rxe5 Rb1 55. Be3 Nd5 56. Bf2 {Game drawn by mutual agreement} 1/2-1/2

[Event "Team 45 45 League T26"]
[Site "Internet Chess Club"]
[Date "2005.04.11"]
[Round "4"]
[White "Thorin"]
[Black "nminwalla"]
[Result "0-1"]
[WhiteElo "1783"]
[BlackElo "1846"]
[TimeControl "2700+45"]

1. e4 c5 2. Nf3 d6 3. d4 cxd4 4. Nxd4 Nf6 5. Nc3 a6 6. Be3 e6 7. f3 b5 8. Qd2
Nbd7 9. O-O-O Bb7 10. Bd3 b4 11. Na4 d5 12. exd5 Nxd5 13. Bg5 Qa5 14. b3 Nc5 15.
Bc4 Nxa4 16. bxa4 Qxa4 17. Kb2 Rc8 18. Bb3 Qd7 19. Nf5 h6 20. Bh4 g6 21. Ne3
Bg7+ 22. Kc1 Bc3 23. Qd3 g5 24. Nxd5 Bxd5 25. Bxd5 Qa4 26. Rdf1 Qa3+ 27. Kd1 Rd8
28. Qc4 Rxd5+ 29. Ke2 Rd2+ {White resigns} 0-1

[Event "Team 45 45 League T26"]
[Site "Internet Chess Club"]
[Date "2005.04.10"]
[Round "4"]
[White "vvsi"]
[Black "qs16"]
[Result "1-0"]
[WhiteElo "1615"]
[BlackElo "1613"]
[TimeControl "2700+45"]

1. e4 c5 2. Nc3 Nc6 3. g3 g6 4. Bg2 Bg7 5. d3 e6 6. Nge2 Nge7 7. O-O O-O 8. a4
a6 9. Bg5 h6 10. Be3 Nd4 11. Qd2 Kh7 12. f4 d6 13. Rab1 Rb8 14. Nd1 b5 15. axb5
axb5 16. Nf2 Nxe2+ 17. Qxe2 Bb7 18. e5 dxe5 19. fxe5 Bxg2 20. Kxg2 Qd5+ 21. Qf3
Nf5 22. Rbe1 Nxe3+ 23. Rxe3 Qd4 24. c3 Qd7 25. Ng4 Qa7 26. Nf6+ Bxf6 27. exf6
Qa2 28. Rf2 Qd5 29. g4 Ra8 30. h4 Qxf3+ 31. Kxf3 Rfd8 32. g5 h5 33. Rd2 Ra4 34.
Re4 Ra1 35. d4 Rf1+ 36. Ke2 Rf5 37. dxc5 Rxd2+ 38. Kxd2 Rxc5 39. b4 Rc8 40. Kd3
Kg8 41. Re5 Rd8+ 42. Kc2 Rb8 43. Kb3 Kf8 44. c4 bxc4+ 45. Kxc4 Ke8 46. Rc5 Kd7
47. b5 Kd6 48. Kd4 Rb6 49. Kc4 e5 50. Rc8 Rb7 51. Re8 Rc7+ 52. Kd3 Rb7 53. Re7
Rxe7 54. fxe7 Kxe7 55. Ke4 Kd6 56. b6 Kc6 57. Kxe5 Kxb6 58. Kf6 Kc6 59. Kxf7 Kd6
60. Kxg6 Ke6 61. Kxh5 Kf7 62. Kh6 Kg8 63. Kg6 Kh8 64. h5 Kg8 65. Kf6 Kh8 66. g6
Kg8 67. h6 Kf8 68. g7+ Kg8 69. h7+ Kxh7 70. Kf7 {Black resigns} 1-0

[Event "Team 45 45 League T26"]
[Site "Internet Chess Club"]
[Date "2005.04.16"]
[Round "4"]
[White "PackAttack"]
[Black "pork"]
[Result "1-0"]
[WhiteElo "1729"]
[BlackElo "1505"]
[TimeControl "2700+45"]

1. d4 Nf6 2. Nf3 e6 3. Bf4 d5 4. e3 Nh5 5. Bg5 Be7 6. Bxe7 Qxe7 7. Nbd2 c5 8. c3
Nc6 9. Bd3 e5 10. dxe5 Nxe5 11. Nxe5 Qxe5 12. Bb5+ Bd7 13. Bxd7+ Kxd7 14. Qg4+
{Black resigns} 1-0

[Event "Team 45 45 League T26"]
[Site "Internet Chess Club"]
[Date "2005.04.19"]
[Round "4"]
[White "Vombat"]
[Black "trikmamak"]
[Result "1-0"]
[WhiteElo "2222"]
[BlackElo "2224"]
[TimeControl "2700+45"]

1. Nf3 d5 2. g3 c6 3. Bg2 e6 4. O-O f5 5. d3 Nf6 6. Nbd2 Bd6 7. e4 fxe4 8. dxe4
Qc7 9. Re1 Be7 10. e5 Nfd7 11. Nb3 c5 12. Bg5 Qd8 13. h4 h6 14. Be3 Qb6 15. Qd3
Nf8 16. a4 Na6 17. Qb5+ Bd7 18. Qxb6 axb6 19. c3 Kd8 20. Rec1 Kc7 21. a5 b5 22.
Nfd2 g5 23. Nf3 g4 24. Nh2 h5 25. Rf1 Ng6 26. f4 gxf3 27. Nxf3 Raf8 28. Rae1 Kc8
29. Bh3 Rhg8 30. Kh2 Rxf3 31. Rxf3 Nxe5 32. Rff1 Nd3 33. Re2 Bd6 34. Bg5 e5 35.
Bxd7+ Kxd7 36. Rf7+ Kc6 37. Be7 Bc7 38. Rh7 c4 39. Nd2 e4 40. Nf1 Bxa5 41. Rxh5
Rg7 42. Bf6 Rf7 43. Rh6 Rxf6 44. Rxf6+ Kc5 45. Rf7 Nxb2 46. Rxb2 Bxc3 47. Ra2
Kb6 48. h5 b4 49. Ne3 Kc5 50. h6 b3 51. Raf2 b2 52. Rf1 d4 53. R7f5+ Kc6 54.
Nxc4 d3 55. Na5+ Kc7 56. h7 e3 57. Rf7+ Kc8 58. h8=Q+ Bxh8 59. Rh7 {Black
resigns} 1-0

[Event "Team 45 45 League T26"]
[Site "Internet Chess Club"]
[Date "2005.04.09"]
[Round "4"]
[White "matman"]
[Black "DavidBarnsley"]
[Result "1-0"]
[WhiteElo "1982"]
[BlackElo "1980"]
[TimeControl "2700+45"]

1. d4 e6 2. Nf3 f5 3. c4 Nf6 4. g3 Bb4+ 5. Bd2 Be7 6. Bg2 O-O 7. O-O d6 8. Nc3
Qe8 9. Qc2 Qh5 10. e4 e5 11. dxe5 dxe5 12. exf5 Bxf5 13. Qb3 Nbd7 14. Nd5 Nxd5
15. cxd5 Bd6 16. Qe3 Bg4 17. Ng5 Bc5 18. Qb3 Bb6 19. Ne4 Be2 20. Rfe1 Nc5 21.
Nxc5 Bxc5 22. Be3 Bd4 23. d6+ Kh8 24. Bxb7 cxd6 25. Qc2 Bf3 26. Bxf3 Qxf3 27.
Bxd4 exd4 28. Rad1 Rac8 29. Qd2 d3 30. Re3 Qf7 31. Rxd3 Qxa2 32. Rxd6 Qb3 33.
Rd3 Qc2 34. Rd7 Qf5 35. Qd4 Rc4 36. Qxg7# {Black checkmated} 1-0

[Event "Team 45 45 League T26"]
[Site "Internet Chess Club"]
[Date "2005.04.10"]
[Round "4"]
[White "steve"]
[Black "LadyLuck"]
[Result "1-0"]
[WhiteElo "1935"]
[BlackElo "1824"]
[TimeControl "2700+45"]

1. e4 c5 2. Nf3 Nc6 3. d4 cxd4 4. Nxd4 e5 5. Nb5 d6 6. c4 Be7 7. N1c3 a6 8. Na3
Be6 9. Nc2 Bg5 10. Ne3 Nge7 11. Ned5 Bxc1 12. Rxc1 O-O 13. f4 Bxd5 14. cxd5 Nd4
15. f5 b5 16. Qg4 Rc8 17. Bd3 b4 18. Ne2 Qa5 19. Rxc8 Nxc8 20. O-O Nxe2+ 21.
Qxe2 Qxa2 22. f6 gxf6 23. Rxf6 Kh8 24. Qd2 Qa5 25. Qh6 Qd8 26. Bxa6 Ne7 27. Rxd6
Qe8 28. Qf6+ Kg8 29. Qxe5 Ng6 30. Qd4 Qa4 31. Bf1 Re8 32. Ra6 Qc2 33. d6 Rxe4
34. Ra8+ Nf8 35. Rxf8+ Kxf8 36. Qh8# {Black checkmated} 1-0